 Dungeon Crawl Stone Soup version 0.27.1-3-gb3d3a73c9e (webtiles) character file.

Game seed: 9261457422758980400

110 khargal the Skirmisher (level 4, 0/40 HPs)
             Began as a Draconian Monk on Oct 19, 2021.
             Was a Believer of Qazlal.
             Slain by YannSP's ghost (7 damage)
             ... on level 3 of the Dungeon.
             The game lasted 00:05:30 (3028 turns).

khargal the Skirmisher (Draconian Monk)             Turns: 3028, Time: 00:05:31

Health: 0/40       AC:  5    Str: 14    XL:     4   Next: 61%
Magic:  4/4        EV: 13    Int: 10    God:    Qazlal [**....]
Gold:   141        SH:  2    Dex: 14    Spells: 3/3 levels left

rFire    . . .     SeeInvis .   q - +1 quarterstaff
rCold    . . .     Faith    .   (shield currently unavailable)
rNeg     . . .     Spirit   .   (armour unavailable)
rPois    .         Reflect  .   (helmet restricted)
rElec    .         Harm     .   (no cloak)
rCorr    .         Rampage  .   (no gloves)
Will     .....                  (no boots)
Stlth    ++........             (no amulet)
HPRegen  0.13/turn              (no ring)
MPRegen  0.09/turn              (no ring)

@: no status effects
A: AC +5, unfitting armour, cold-blooded
a: Renounce Religion, Upheaval


You were on level 3 of the Dungeon.
You worshipped Qazlal.
Qazlal was pleased with you.
You visited 1 branch of the dungeon, and saw 3 of its levels.

You collected 141 gold pieces.

Inventory:

Hand Weapons
 a - a +0 spear of venom
 q - a +1 quarterstaff (weapon)
Missiles
 c - 2 throwing nets (quivered)
Jewellery
 m - an amulet of the acrobat
 p - a +6 ring of dexterity
Wands
 b - a wand of flame (14)
Scrolls
 g - a scroll of magic mapping
Potions
 d - a potion of resistance
 e - 2 potions of berserk rage
 f - a potion of curing
 h - a potion of mutation {unknown}
 j - 3 potions of brilliance
 o - a potion of flight {unknown}


   Skills:
 + Level 4.0 Fighting
 + Level 3.9 Polearms
 + Level 3.3 Dodging
 + Level 2.6 Stealth


You had 3 spell levels left.
You didn't know any spells.
Your spell library contained the following spells:

 Spells                   Type           Power      Damage    Failure   Level
 Call Canine Familiar     Summ           0%         N/A       75%         3
 Portal Projectile        Hex/Tloc       0%         N/A       75%         3
 Leda's Liquefaction      Hex/Erth       0%         N/A       98%         4


Dungeon Overview and Level Annotations

Branches:
Dungeon (3/15)

Altars:
Qazlal
Ru
Yredelemnul

Shops:
D:2 [

Portals:
Abyss: D:3

Annotations:
D:3 1 transporter, YannSP's ghost, amateur FoFi


Innate Abilities, Weirdness & Mutations

Your plain brown scales are hard. (AC +5)
You cannot fit into any form of body armour.
You are cold-blooded and may be slowed by cold attacks.


Message History

Sorry, I don't know how to get there.
There is a transporter here.
You enter the transporter and appear at another place.
You hear a shout! x2
A shadow imp comes into view.
Found a manual of Translocations.
The kobold brigand barely misses you.
You hit the kobold brigand.
The kobold brigand is lightly wounded.
The shadow imp gestures at you. Pain shoots through your body!
You block the kobold brigand's attack.
The shadow imp hits you but does no damage.
You hit the kobold brigand.
Your tail-slap misses the kobold brigand.
The kobold brigand is lightly wounded.
The kobold brigand misses you. The shadow imp hits you.
YannSP's ghost misses you.
You hit the kobold brigand.
The kobold brigand is moderately wounded.
The kobold brigand hits you with a +2 short sword of distortion.
Space bends around you. The shadow imp hits you.
YannSP's ghost says, "You must not fail where I succeeded!"
You block YannSP's ghost's attack.
You hit the kobold brigand but do no damage.
The kobold brigand is moderately wounded.
You block the kobold brigand's attack. YannSP's ghost hits you.
The shadow imp completely misses you.
You barely miss the kobold brigand.
The kobold brigand is moderately wounded.
Something shouts, "Bolt, thou bootless swag-bellied lout!"
The kobold brigand closely misses you. The shadow imp hits you.
YannSP's ghost hits you!
The kobold brigand hits you with a +2 short sword of distortion.
* * * LOW HITPOINT WARNING * * *
Space bends around you.
* * * LOW HITPOINT WARNING * * *
You sock YannSP's ghost!
YannSP's ghost is moderately damaged.
The shadow imp misses you. YannSP's ghost hits you!
You die...

###...##.# #####.#.#.......#.#.
.........#####...............#.#.
#.#...##.........#.#.............
#.#...##.##..###.......####.##.##
#.....##.##.##,###...###x.♣....#
......##.##.#.#,*#..#♣,..♣#.##.##
......#.....##x#,####.^#.#.......
##...........##5#K.©.#.#.##....##
.#......#.....##@##..####.##.....
.#.............#W##.[.*,#.$#©#...
.#...###.....###...###.##.♣#.#...
.#..........##..####.##..##..#...
....####.#..#...##....#..##..#...
.#..# #.#..#..#♣...#♣#...##.#...
.#.># #.#..##.##..##....#.#.....
.#..# #.#[..#∩5#.©#.....5##.....
.#.#######.#.♣K♣♣..##..♣###......


You could see a kobold brigand, a small abomination, YannSP's ghost and a shadow
imp.

Vanquished Creatures
  An adder (D:2)
  4 gnolls (D:2)
  2 worms (D:2)
  3 dart slugs
  5 bats
  5 endoplasms
  2 giant cockroaches
  A goblin (D:3)
  6 hobgoblins
  3 jackals (D:1)
  A kobold (D:2)
  2 quokkas
  6 ball pythons
  2 frilled lizards
  9 rats
52 creatures vanquished.

Notes
Turn   | Place    | Note
-------+----------+-------------------------------------------
     0 | D:1      | khargal the Draconian Monk began the quest for the Orb.
     0 | D:1      | Reached XP level 1. HP: 19/19 MP: 1/1
    90 | D:1      | Reached XP level 2. HP: 21/26 MP: 2/2
   950 | D:2      | Reached XP level 3. HP: 27/33 MP: 3/3
  1122 | D:2      | Found a faded altar of an unknown god.
  1190 | D:2      | Found Roastroa's Antique Armour Shop.
  1499 | D:2      | Reached skill level 4 in Fighting
  1499 | D:2      | Reached XP level 4. HP: 12/40 MP: 4/4
  1660 | D:2      | HP: 1/40 [gnoll (13)]
  2295 | D:3      | Found a transporter.
  2305 | D:3      | Found a transporter.
  2312 | D:3      | Found a one-way gate to the infinite horrors of the Abyss.
  2312 | D:3      | Noticed YannSP's ghost (amateur FoFi)
  2314 | D:3      | Noticed a kobold brigand
  2414 | D:3      | Noticed a small abomination
  2874 | D:3      | Found a sacrificial altar of Ru.
  2877 | D:3      | Found a stormy altar of Qazlal.
  2881 | D:3      | Found a basalt altar of Yredelemnul.
  2886 | D:3      | Became a worshipper of Qazlal Stormbringer
  2886 | D:3      | Reached * piety under Qazlal
  2886 | D:3      | Reached ** piety under Qazlal
  3028 | D:3      | Slain by YannSP's ghost

Illustrated notes

Levels and vault maps discovered:
D:1:      saegor_arrival_simple_a, layout_basic
D:2:      layout_loops_ring, ebering_ecumenical_altar_petrified, serial_shops,
          shop_statue
D:3:      layout_basic, grunt_temple_overflow_diamond,
          gammafunk_ghost_abyssal_escape

Skill      XL: |  1  2  3 |
---------------+----------+-----
Dodging        | 3 |  3.3
Stealth        | 2 |  2.6
Fighting       | 4 |  4.0
Polearms       | |  3.9

Action                   |  1- 3 |  4- 6 || total
-------------------------+-------+-------++-------
Melee: Spear             |   146 |    37 ||   183
       Tailslap          |    12 |     6 ||    18
       Quarterstaff      |       |     6 ||     6
  Use: Scroll            |     3 |     6 ||     9
 Stab: Sleeping          |     8 |     1 ||     9
Armor: Skin              |    39 |     7 ||    46
Dodge: Dodged            |    90 |    25 ||   115
Block: Other             |       |     3 ||     3
